 Dungeon Crawl Stone Soup version 0.28.0-53-g5a82cb258f (webtiles) character file.

Game seed: 13617344273464952035

11 LynnLen the Sneak (level 2, 0/19 HPs)
             Began as a Vampire Enchanter on Aug 6, 2022.
             Slain by a kobold
             ... wielding a +0 club
              (2 damage)
             ... on level 1 of the Dungeon.
             The game lasted 00:02:16 (376 turns).

LynnLen the Sneak (Vampire Enchanter)                Turns: 376, Time: 00:02:17

Health: 0/19       AC:  2    Str:  7    XL:     2   Next: 13%
Magic:  5/5        EV: 12    Int: 17    God:
Gold:   6          SH:  0    Dex: 14    Spells: 5/5 levels left

rFire   . . .      SeeInvis +   a - +1 dagger
rCold   . . .      Faith    .   (no shield)
rNeg    . . .      Spirit   .   b - +0 robe
rPois   .          Reflect  .   (no helmet)
rElec   .          Harm     .   (no cloak)
rCorr   .          Rampage  .   (no gloves)
Will    .....                   (no boots)
Stlth   +++.......              (no amulet)
HPRegen 0.26/turn               (no ring)
MPRegen 0.09/turn               (no ring)

@: mighty, healing quickly
A: alive, fangs 3, see invisible, vampiric 1
a: Exsanguinate


You were on level 1 of the Dungeon.
You visited 1 branch of the dungeon, and saw 1 of its levels.

You collected 6 gold pieces.

Inventory:

Hand Weapons
 a - a +1 dagger (weapon)
Armour
 b - a +0 robe (worn)
Scrolls
 c - a scroll of magic mapping {unknown}
Potions
 e - a potion of lignification {unknown}


   Skills:
 * Level 2.1 Short Blades
 - Level 2.1 Dodging
 + Level 4.8 Stealth
 - Level 2.0 Spellcasting
 - Level 4.4 Hexes


You had 5 spell levels left.
You didn't know any spells.
Your spell library contained the following spells:

 Spells                   Type           Power      Damage    Failure   Level
 Confusing Touch          Hex            16%        N/A       10%         3
 Tukima's Dance           Hex            16%        N/A       10%         3
 Ensorcelled Hibernation  Hex/Ice        18%        N/A       12%         2
 Dazzling Flash           Conj/Hex       18%        N/A       24%         3


Dungeon Overview and Level Annotations

Branches:
Dungeon (1/15)

Altars:


Innate Abilities, Weirdness & Mutations

Your natural rate of healing is accelerated.
You have razor-sharp teeth.
You have supernaturally acute eyesight. (SInv)
You are afflicted with vampirism.


Message History

You barely miss the kobold. Your bite misses the kobold.
The kobold is moderately wounded.
The kobold closely misses you.
You barely miss the kobold.
The kobold is moderately wounded.
The kobold hits you but does no damage.
You barely miss the kobold.
The kobold is moderately wounded.
The kobold hits you with a +0 club.
You closely miss the kobold.
The kobold is moderately wounded.
The kobold closely misses you.
You barely miss the kobold. Your bite misses the kobold.
The kobold is moderately wounded.
You closely miss the kobold.
The kobold is moderately wounded.
The kobold hits you with a +0 club.
You hit the kobold but do no damage. Your bite misses the kobold.
The kobold is moderately wounded.
The kobold hits you with a +0 club.
You hit the kobold.
The kobold is heavily wounded.
The kobold barely misses you.
You hit the kobold but do no damage.
The kobold is heavily wounded.
The kobold hits you with a +0 club.
* * * LOW HITPOINT WARNING * * *
It was a potion of might.
You feel very mighty all of a sudden. The kobold hits you with a +0 club.
* * * LOW HITPOINT WARNING * * *
Okay, then.
You closely miss the kobold.
The kobold is heavily wounded.
The kobold hits you with a +0 club.
* * * LOW HITPOINT WARNING * * *
You barely miss the kobold.
The kobold is heavily wounded.
The kobold hits you with a +0 club.
You die...

#..# ... #.# #..#
#... ... #.# #..#
#..# #.# #.# #..#
#..### #.##.### #..#
#..##.###...... #..#
#..###.#..#.#.# ##.#
#........##.##.
#.####...###.##..# #
#KK@..†#......#.###.
#.####...#####..##.#
#.# ##..># ##.#.#
#.# ###.# #..# #.#
#.# #.## ..# #.# #.#
.## #.# #[# . #.#
#.# #.# #.#


You could see 2 kobolds.

Vanquished Creatures
  2 ball pythons (D:1)
  2 bats (D:1)
  2 quokkas (D:1)
  4 kobolds (D:1)
10 creatures vanquished.

Notes
Turn   | Place    | Note
-------+----------+-------------------------------------------
     0 | D:1      | LynnLen the Vampire Enchanter began the quest for the Orb.
     0 | D:1      | Reached XP level 1. HP: 13/13 MP: 3/3
   258 | D:1      | Reached XP level 2. HP: 18/19 MP: 5/5
   376 | D:1      | Slain by a kobold

Illustrated notes

Levels and vault maps discovered:
D:1:      shiori_shiawase, layout_loops_ring, ebering_dispersal_statue_hall,
          minmay_tetromino_i4

Skill      XL: |  1 |
---------------+----+-----
Short Blades   | 2 |  2.1
Dodging        | |  2.1
Stealth        | |  4.8
Spellcasting   | |  2.0
Hexes          | |  4.4

Action                   || total
-------------------------++-------
Melee: Dagger            ||    48
       Bite              ||     3
       Punch             ||     1
  Use: Potion            ||     2
 Stab: Invisible         ||     1
       Sleeping          ||     2
Armor: Robe              ||    11
Dodge: Dodged            ||    23
